Map: Neon Violet Square LE

Players

AirAlex

  • Race: Protoss Protoss
  • League: Platinum
  • Spawn Location: 11:00

axu - Winner!

  • Race: Protoss Protoss
  • League: Platinum
  • Spawn Location: 5:00

VOD

Have the link to the VOD?

Description

Time

  • Played on: April 24, 2018, 9:31 a.m.
  • Length: 13:55
Show
View Real Time Build Order
Export as new Build Order

AirAlex Protoss 

Build Orders:  

Get SALT Encoding   

  12  0:04  Probe  
  13  0:16  Pylon  
  13  0:19  Probe  
  14  0:34  Gateway  
  14  0:38  Probe  
  15  0:46  Probe  
  15  0:54  Probe  
  16  0:58  Assimilator  
  17  1:04  Probe  
  18  1:13  Assimilator  
  18  1:16  Probe  
  19  1:28  Probe, Cybernetics Core  
  20  1:35  Pylon  
  20  1:43  Probe  
  21  1:55  Probe  
  21  2:00  Pylon  
  22  2:03  Warp Gate  
  22  2:07  Probe  
  23  2:17  Pylon  
  23  2:18  Adept  
  23  2:22  Gateway  
  25  2:25  Robotics Facility  
  24  2:39  Adept  
  24  2:44  Pylon  
  24  2:51  Forge  
  26  3:03  Immortal  
  26  3:04  Adept  
  29  3:33  Probe  
  28  3:35  Stalker  
  28  3:39  Sentry  
  32  3:45  Probe  
  33  3:57  Probe  
  34  4:09  Probe  
  35  4:21  Probe  
  35  4:23  Gateway  
  36  4:25  Gateway  
  36  4:26  Stalker  
  36  4:27  Stalker  
  34  5:00  Probe  
  35  5:13  Probe  
  36  5:21  Nexus  
  36  5:28  Observer  
  37  5:31  Sentry x3  
  43  5:44  Pylon  
  43  5:50  Pylon  
  38  6:27  Stalker x3  
  38  6:48  Probe  
  38  6:54  Sentry  
  33  7:15  Probe x2  
  33  7:23  Probe x2  
  35  7:31  Probe x2  
  37  7:42  Probe x2  
  37  7:51  Probe x2  
  39  7:59  Probe x2  
  39  8:04  Zealot x2  
  45  8:09  Probe x2  
  47  8:19  Zealot x2  
  51  8:25  Pylon  
  51  8:31  Probe x2  
  53  8:43  Probe x2  
  54  8:48  Protoss Ground Armor Level 1  
  54  8:52  Probe x2  
  53  9:00  Probe  
  53  9:02  Probe  
  54  9:09  Probe  
  56  9:10  Observer  
  56  9:16  Shield Battery  
  57  9:17  Probe, Pylon  
  57  9:19  Shield Battery  
  57  9:21  Probe  
  59  9:28  Pylon  
  59  9:29  Stalker  
  59  9:30  Stalker  
  63  9:36  Warp Prism  
  65  9:43  Assimilator  
  65  9:46  Sentry  
  65  9:47  Assimilator  
  67  10:15  Immortal  
  67  10:18  Probe x2  
  73  10:25  Twilight Council  
  73  10:28  Forge  
  73  10:30  Probe  
  73  10:31  Zealot x4  
  82  10:36  Probe  
  83  10:42  Probe  
  84  10:54  Gateway  
  84  10:55  Gateway  
  84  10:57  Immortal  
  84  10:58  Gateway  
  88  11:23  Photon Cannon  
  88  11:27  Observer, Photon Cannon x2  
  88  11:29  Photon Cannon  
  88  11:32  Photon Cannon  
  50  12:05  Probe x2  
  50  12:13  Probe  
  50  12:14  Probe  
  54  12:23  Probe x2  
  56  12:35  Probe x2  
  58  12:47  Probe  
  58  12:50  Probe  
  60  12:59  Probe  
  61  13:06  Zealot  
  61  13:08  Zealot  
Show
View Real Time Build Order
Export as new Build Order

axu Protoss - Winner!

Build Orders:  

Get SALT Encoding   

  12  0:01  Probe  
  13  0:13  Probe  
  14  0:19  Pylon  
  14  0:25  Probe  
  15  0:37  Probe  
  15  0:40  Gateway  
  16  0:44  Assimilator  
  16  0:46  Probe  
  17  0:54  Probe  
  17  0:58  Assimilator  
  18  1:18  Gateway  
  18  1:21  Probe  
  19  1:32  Cybernetics Core  
  19  1:34  Probe  
  20  1:48  Probe  
  21  1:55  Pylon  
  21  2:00  Probe  
  22  2:07  Adept x2  
  22  2:09  Warp Gate  
  26  2:20  Pylon  
  26  2:29  Probe  
  27  2:30  Stalker x2  
  31  2:41  Probe  
  32  2:47  Gateway  
  32  2:50  Pylon  
  32  3:02  Pylon  
  32  3:05  Stalker  
  32  3:32  Stalker  
  32  3:36  Stalker  
  32  3:37  Gateway  
  34  3:54  Pylon  
  32  4:23  Shield Battery  
  32  4:25  Shield Battery  
  32  4:38  Stalker x2  
  34  4:39  Stalker x2  
  36  5:03  Pylon  
  36  5:04  Stalker x2  
  36  5:05  Pylon  
  40  5:30  Adept x3  
  46  6:09  Stalker x3  
  46  6:10  Stalker  
  29  7:17  Nexus  
  27  7:23  Robotics Facility, Stalker  
  27  7:24  Stalker x2  
  33  7:34  Gateway x2  
  33  7:45  Pylon  
  33  7:51  Stalker  
  33  7:52  Stalker x2  
  39  8:02  Twilight Council  
  39  8:13  Shield Battery  
  39  8:14  Observer  
  40  8:28  Probe  
  40  8:29  Probe  
  42  8:40  Probe  
  43  8:41  Probe  
  44  8:53  Probe x2  
  42  8:57  Immortal  
  42  9:01  Probe x2  
  46  9:09  Probe x2  
  50  9:20  Probe x2  
  50  9:24  Dark Shrine  
  52  9:30  Immortal  
  52  9:32  Probe x2  
  58  9:42  Assimilator  
  58  9:46  Assimilator  
  58  9:52  Probe x2  
  60  9:54  Sentry  
  60  9:57  Sentry  
  64  10:08  Probe x2  
  65  10:24  Pylon  
  65  10:31  Immortal  
  69  10:36  Forge x2  
  69  10:43  Dark Templar x2  
  69  10:44  Dark Templar  
  69  10:45  Dark Templar  
  77  11:00  Stalker  
  79  11:10  Immortal  
  83  11:44  Protoss Ground Armor Level 1, Protoss Ground Weapons Level 1  
  81  11:51  Zealot x3  
  81  11:52  Zealot x2  
  91  12:00  Immortal  
  89  12:05  Nexus  
  89  12:08  Pylon  
  89  12:10  Pylon  
  89  12:13  Charge  
  89  12:18  Zealot  
  89  12:19  Zealot  
  93  12:32  Observer  
  94  12:47  Stalker x4  
  94  12:51  Immortal  
  102  12:54  Dark Templar  
  108  13:10  Dark Templar  
  110  13:16  Pylon  
  107  13:20  Zealot x3  
  107  13:21  Pylon  
Tags
 
Add a new tag
Caveats
  • Supply blocks, unpowered buildings, or Contaminate may cause inaccurate times.
  • Supply counts are checked every 10 seconds.